 Dungeon Crawl Stone Soup version 0.25.0-41-g26779e291d (webtiles) character file.

Game seed: 5264264085868455973

15011 Milting the Blocker (level 12, -6/80 HPs)
             Began as a Gargoyle Fighter on July 10, 2020.
             Was an Initiate of Gozag.
             Killed from afar by a deep elf mage (11 damage)
             ... with a bolt of cold
             ... on level 1 of the Elven Halls.
             The game lasted 00:51:40 (12394 turns).

Milting the Blocker (Gargoyle Fighter)             Turns: 12394, Time: 00:51:45

Health: -6/80      AC: 35    Str: 33    XL:     12   Next: 22%
Magic:  0/12       EV:  8    Int:  6    God:    Gozag
Gold:   2142       SH: 14    Dex:  9    Spells: 11/11 levels left

rFire    + . .     SeeInvis .   E - +2 morningstar (vorpal)
rCold    + . .     Gourm    .   c - +0 kite shield
rNeg     + . .     Faith    .   I - +8 plate armour of Feleulaz {+Blink Str+3 Int-4}
rPois    ∞         Spirit   +   (no helmet)
rElec    +         Reflect  .   V - scarf {rC+ rF+}
rCorr    .         Harm     .   s - +1 pair of gloves
MR       .....                  C - +0 pair of boots
Stlth    ..........             x - amulet of guardian spirit
HPRegen  0.23/turn              G - +6 ring of strength
MPRegen  0.13/turn              (no ring)

@: marked, very slightly contaminated, studying Shields, lightly drained,
invisible
A: negative energy resistance 1, electricity resistance, unbreathing,
petrification resistance, rot immunity, AC +8
a: Potion Petition, Call Merchant, Bribe Branch, Renounce Religion, Evoke Blink


You were on level 1 of the Elven Halls.
You worshipped Gozag.
Gozag was most pleased with you.
You were not hungry.

You visited 5 branches of the dungeon, and saw 14 of its levels.

You collected 2714 gold pieces.
You spent 520 gold pieces at shops.
You paid 52 gold pieces to Gozag.

Inventory:

Hand Weapons
 a - a +1 hunting sling of flaming
 r - a +2 vampiric trident
 t - a +0 short sword of draining
 B - a +2 vorpal flail
 E - a +2 vorpal morningstar (weapon)
 J - a +1 dagger of venom
 U - a +0 hand crossbow
 X - a +0 whip of electrocution
Missiles
 h - 141 stones (quivered)
 S - 6 poisoned darts
 T - 72 bolts
Armour
 c - a +0 kite shield (worn)
 s - a +1 pair of gloves (worn)
 C - a +0 pair of boots (worn)
 I - the +8 plate armour of Feleulaz (worn) {+Blink Str+3 Int-4}
   (You found it on level 1 of the Lair of Beasts)

   It affects your strength (+3).
   It affects your intelligence (-4).
   It lets you blink.
 V - a scarf of resistance (worn)
Magical Staves
 m - an uncursed staff of wizardry {unknown}
 w - an uncursed staff of fire {unknown}
Jewellery
 x - an amulet of guardian spirit (around neck)
 G - a +6 ring of strength (left hand)
Wands
 g - a wand of paralysis (10)
 N - a wand of polymorph (12)
Scrolls
 b - 2 scrolls of enchant weapon {unknown}
 e - 3 scrolls of noise {unknown}
 n - 2 scrolls of amnesia {unknown}
 o - 3 scrolls of identify {unknown}
 p - 7 scrolls of remove curse {unknown}
 q - 2 scrolls of fear {unknown}
 u - 2 scrolls of magic mapping {unknown}
 v - 5 scrolls of teleportation {unknown}
 y - a scroll of immolation {unknown}
 H - a scroll of random uselessness {unknown}
 K - a scroll of blinking {unknown}
 M - a scroll of enchant armour {unknown}
 Q - a scroll of torment {unknown}
 R - 2 scrolls of fog {unknown}
Potions
 d - a potion of might
 i - a potion of invisibility
 j - a potion of experience {unknown}
 k - 4 potions of curing {unknown}
 l - 2 potions of lignification {unknown}
 z - 2 potions of flight {unknown}
 A - a potion of cancellation {unknown}
 D - a potion of magic {unknown}
 F - a potion of haste {unknown}
 O - a potion of ambrosia {unknown}
Books
 Z - a manual of Shields
Comestibles
 f - 14 rations


   Skills:
 * Level 11.1(11.0) Fighting
 * Level 10.0(9.8) Maces & Flails
 + Level 0.0(6.0) Staves
 * Level 11.1(10.9) Armour
 * Level 12.9(12.7) Shields


You had 11 spell levels left.
You didn't know any spells.
Your spell library was empty.

Dungeon Overview and Level Annotations

Branches:
Dungeon (9/15)             Temple (1/1) D:4            Lair (1/6) D:9
    Orc (2/2) D:9             Elf (1/3) Orc:2

Altars:
Ashenzari
Cheibriados
Dithmenos
Elyvilon
Fedhas
Gozag
Hepliaklqana
Kikubaaqudgha
Makhleb
Nemelex Xobeh
Okawaru
Qazlal
Ru
Sif Muna
Trog
Uskayaw
Vehumet
Wu Jian
Xom
Yredelemnul
Zin
The Shining One

Shops:
D:4 [   D:7 *   Orc:2 [


Innate Abilities, Weirdness & Mutations

You are resistant to torment.
Your stone body is resilient. (AC +8)
You are immune to poison.
You resist negative energy. (rN+)
You are resistant to electric shocks. (rElec)
You can survive without breathing.
You are immune to petrification.
You are immune to rotting.


Message History

A deep elf archer comes into view. It is wielding a +0 dagger.
The deep elf mage mumbles some strange words.
You open the door.
You block the +3 halberd of flaming's attack.
The redback closely misses you. You block the hell rat's attack.
The redback bites you but does no damage.
The +3 halberd of flaming hits you but does no damage.
There is an open door here.
You block the redback's attack.
You sock the redback!
The redback is heavily wounded.
A fire elemental comes into view.
You block the redback's attack.
You impale the redback!!
You kill the redback!
The redback's corpse disappears in a puff of smoke!
The deep elf mage gestures at you while chanting.
The bolt of cold hits you! You resist.
You die...
Your body crumbles into a pile of gold.

##...........
##...........
#....#.....#
#...###...## ..
##..s.#.....#...
###r.......$......
#re..e..r..<......
$
#§#..e..rs........
#@##(...#.....#...
#.##...###...## ..
#.##...e#..e..#
#.###...e.......
#.. ##...........
##. ##.........# E
○.


You could see a deep elf mage, a fire elemental and 2 hell rats.

Vanquished Creatures
  Erolcha (Orc:1)
  A centaur warrior (D:8)
  A two-headed ogre (Orc:1)
  The ghost of tensugalgo the Destroyer, a novice DrCj of Sif Muna (D:8)
  Nergalle (Orc:1)
  Pikel (D:8)
  2 orc sorcerers (Orc:1)
  Joseph (Lair:1)
  A black mamba (Lair:1)
  A spiny frog (Lair:1)
  2 komodo dragons (Lair:1)
  3 trolls
  A hornet (D:9)
  3 hippogriffs
  2 humans
  5 yaks (Lair:1)
  A basilisk (Lair:1)
  4 hogs (D:7)
  2 porcupines (Lair:1)
  A water moccasin (Lair:1)
  2 black bears
  15 orc warriors
  A slave (D:8)
  An ice beast (D:9)
  A sky beast (D:6)
  A necrophage (D:9)
  8 ogres
  A centaur (D:6)
  2 crocodiles
  7 big kobolds
  4 bullfrogs
  3 gnoll sergeants (D:9)
  3 scorpions
  A water moccasin skeleton (D:8)
  2 howler monkeys (D:7)
  3 bullfrog zombies
  6 crimson imps
  2 centaur zombies
  A human zombie (D:4)
  6 orc priests
  A centaur skeleton (D:8)
  3 hounds
  20 orc wizards
  3 bullfrog skeletons
  Jessica (D:2)
  4 iguanas
  5 worker ants
  5 gnolls
  A howler monkey skeleton (D:7)
  11 adders
  A shadow imp (D:9)
  An adder zombie (D:9)
  2 adder skeletons
  4 worms
  6 dart slugs
  9 leopard geckos
  45 orcs
  A ball python (D:8)
  9 giant cockroaches
  5 goblins
  9 hobgoblins
  13 jackals
  6 quokkas
  9 bats
  4 frilled lizards
  A jackal skeleton (D:4)
  21 kobolds
  9 rats
  2 fungi (D:9)
  A plant (D:9)
317 creatures vanquished.

Vanquished Creatures (others)
  4 kobolds (D:8)
  A fungus (Orc:2)
5 creatures vanquished.

Grand Total: 322 creatures vanquished

Notes
Turn   | Place    | Note
-------+----------+-------------------------------------------
     0 | D:1      | Milting the Gargoyle Fighter began the quest for the Orb.
     0 | D:1      | Reached XP level 1. HP: 14/14 MP: 1/1
   133 | D:1      | Reached XP level 2. HP: 18/19 MP: 2/2
   432 | D:1      | Reached XP level 3. HP: 22/23 MP: 3/3
  1292 | D:2      | Reached XP level 4. HP: 29/29 MP: 4/4
  1649 | D:2      | Noticed Jessica
  1651 | D:2      | Reached skill level 4 in Shields
  1653 | D:2      | Killed Jessica
  1777 | D:3      | Reached XP level 5. HP: 33/33 MP: 5/5
  2811 | D:4      | Reached XP level 6. HP: 33/39 MP: 6/6
  2882 | D:4      | Found Yzuoraas's Armour Emporium.
  2895 | D:4      | Noticed a human
  2896 | D:4      | Found a runed translucent door.
  2900 | D:4      | Found a basalt altar of Yredelemnul.
  2965 | D:4      | Killed a human
  2965 | D:4      | Reached skill level 5 in Fighting
  2965 | D:4      | Reached skill level 5 in Armour
  3066 | D:4      | Found a sparkling altar of Nemelex Xobeh.
  3374 | D:4      | Found a staircase to the Ecumenical Temple.
  3378 | Temple   | Entered the Ecumenical Temple
  3616 | Temple   | Became a worshipper of Gozag Ym Sagoz the Greedy
  3866 | D:4      | Reached skill level 5 in Shields
  3866 | D:4      | Reached XP level 7. HP: 37/44 MP: 7/7
  3981 | D:5      | Entered Level 5 of the Dungeon
  4974 | D:6      | Reached XP level 8. HP: 46/51 MP: 8/8
  5052 | D:6      | Reached skill level 6 in Shields
  5202 | D:6      | Reached skill level 5 in Maces & Flails
  5832 | D:4      | Bought a +2 plate armour of magic resistance for 520 gold
                  | pieces
  5876 | D:7      | Noticed a hippogriff
  5914 | D:6      | Killed a hippogriff
  5930 | D:7      | Reached XP level 9. HP: 45/56 MP: 9/9
  6004 | D:7      | Reached skill level 7 in Shields
  6330 | D:7      | You fall into a shaft and drop 1 floor!
  6511 | D:8      | Found a runed translucent door.
  6511 | D:8      | Noticed tensugalgo's ghost (novice DrCj)
  6535 | D:8      | Killed tensugalgo's ghost
  6650 | D:8      | Noticed a centaur warrior
  6666 | D:8      | Killed a centaur warrior
  6666 | D:8      | Reached skill level 8 in Shields
  6666 | D:8      | Reached XP level 10. HP: 58/65 MP: 7/10
  6903 | D:8      | Found a shadowy altar of Dithmenos.
  6903 | D:8      | Found a hazy altar of Hepliaklqana.
  6903 | D:8      | Found a stormy altar of Qazlal.
  7008 | D:8      | Noticed Pikel
  7066 | D:8      | Killed Pikel
  7688 | D:7      | Reached skill level 9 in Shields
  8035 | D:7      | Found Puesh's Lightly-Used Armoury.
  8649 | D:9      | Found a staircase to the Lair.
  8773 | D:9      | Reached skill level 10 in Shields
  9003 | D:9      | Found a staircase to the Orcish Mines.
  9045 | D:9      | Reached XP level 11. HP: 35/71 MP: 7/11
  9875 | Lair:1   | Entered Level 1 of the Lair of Beasts
 10056 | Lair:1   | Reached skill level 10 in Fighting
 10056 | Lair:1   | Reached skill level 10 in Armour
 10066 | Lair:1   | Reached skill level 11 in Shields
 10537 | Lair:1   | Got a faintly humming plate armour
 10834 | Lair:1   | Noticed Joseph
 10841 | Lair:1   | Killed Joseph
 11269 | Orc:1    | Entered Level 1 of the Orcish Mines
 11309 | Orc:1    | Noticed Nergalle
 11310 | Orc:1    | Noticed a two-headed ogre
 11320 | Orc:1    | Killed a two-headed ogre
 11341 | Orc:1    | Killed Nergalle
 11341 | Orc:1    | Reached skill level 12 in Shields
 11393 | Orc:1    | Identified the +8 plate armour of Feleulaz {+Blink Str+3
                  | Int-4} (You found it on level 1 of the Lair of Beasts)
 11438 | Orc:1    | Noticed an orc sorcerer
 11441 | Orc:1    | Noticed an orc sorcerer
 11446 | Orc:1    | Killed an orc sorcerer
 11449 | Orc:1    | Paralysed by an orc sorcerer for 2 turns
 11457 | Orc:1    | Killed an orc sorcerer
 11506 | Orc:1    | Reached XP level 12. HP: 60/79 MP: 10/12
 11555 | Orc:1    | Noticed Erolcha
 11563 | Orc:1    | Killed Erolcha
 12024 | Orc:2    | Entered Level 2 of the Orcish Mines
 12083 | Orc:2    | Reached skill level 10 in Maces & Flails
 12325 | Orc:2    | Found a staircase to the Elven Halls.
 12353 | Orc:2    | Noticed an orc warlord
 12353 | Orc:2    | Noticed an orc high priest
 12354 | Orc:2    | Found Pexzy's Antique Armour Boutique.
 12363 | Orc:2    | Noticed a sun demon
 12376 | Elf:1    | Entered Level 1 of the Elven Halls
 12382 | Elf:1    | HP: 3/80 [redback[a deep elf mage] (7)]
 12394 | Elf:1    | Killed from afar by a deep elf mage

Illustrated notes

Levels and vault maps discovered:
D:1:      saegor_arrival_simple_e, layout_loops_ring, hangedman_decor_lopped,
          st_stairs_11
D:2:      layout_loops_ring, kennysheep_generic_room_8, uniq_jessica
D:3:      layout_basic, first_ration
D:4:      layout_loops_ring, nemelex_xobeh_ov_fountains_minmay, temple_statues,
          serial_shops, shop, dk_yredelemnul_ordeal
D:5:      layout_rooms, gup_sewer_entry_pipe
D:6:      layout_loops_ring
D:7:      layout_basic, grunt_ministairs_9, minmay_shop_damaged, grunt_livestock
D:8:      layout_layer_cave, gammafunk_temple_overflow_forgotten,
          gammafunk_ghost_grave, minmay_manual_mandibuliform, uniq_pikel
D:9:      layout_rooms, dpeg_oklobed_lair,
          kennysheep_orc_monster_closet_entryway
Temple:   dpeg_five_rooms_temple
Lair:1:   layout_cave_pods, serial_bayou_shore_a, uniq_joseph
Orc:1:    layout_caves, uniq_erolcha, uniq_nergalle
Orc:2:    grunt_orc_gardens, layout_caves, grunt_orc_garden, grunt_orc_garden,
          grunt_orc_garden, grunt_orc_garden
Elf:1:    minmay_elf_arrival_circle, layout_loops_ring, serial_shops,
          nicolae_shop_trees, nicolae_shop_crystal, evilmike_minifort,
          st_stairs_10, minmay_elf_demonology

Skill      XL: |  1  2  3  4  5  6  7  8  9 10 11 12 |
---------------+-------------------------------------+-----
Fighting       | 4 5 6 8 9 10 11 | 11.1
Armour         | 4 5 6 8 9 10 11 | 11.1
Shields        | 4 5 6 8 10 12 | 12.9
Maces & Flails | 3 4 5 7 8 9 10 | 10.0

Action                   |  1- 3 |  4- 6 |  7- 9 | 10-12 || total
-------------------------+-------+-------+-------+-------++-------
Melee: Flail             |   156 |   246 |    70 |       ||   472
       Morningstar       |       |       |   282 |   660 ||   942
Throw: Stone             |     1 |       |       |       ||     1
  Use: Potion            |       |       |       |     3 ||     3
 Stab: Distracted        |       |       |       |     2 ||     2
  Eat: Chunk             |     2 |     7 |       |       ||     9
       Ration            |       |       |     3 |     6 ||     9
Armor: Scale mail        |   108 |   158 |   142 |       ||   408
       Plate armour      |       |       |   107 |   523 ||   630
Dodge: Dodged            |    71 |   115 |    90 |   161 ||   437
Block: Kite shield       |   103 |   177 |   219 |   559 ||  1058
